 Dungeon Crawl Stone Soup version 0.30.0-20-g3615ddf2f0 (webtiles) character file.

Game seed: 15647511566991221808

4154 qw the Blocker (level 10, -21/60 HPs)
             Began as a Gargoyle Fighter on June 1, 2023.
             Demolished by a two-headed ogre
             ... wielding a +0 giant club
              (25 damage)
             ... on level 9 of the Dungeon.
             The game lasted 00:03:55 (7026 turns).

qw the Blocker (Gargoyle Fighter)                   Turns: 7026, Time: 00:03:56

Health: -21/60     AC: 17    Str: 24    XL:     10   Next: 28%
Magic:  10/10      EV:  7    Int:  9    God:
Gold:   288        SH: 15    Dex:  9    Spells: 9/9 levels left

rFire   + . .        Y - +1 broad axe
rCold   + . .        u - +0 tower shield
rNeg    + . .        q - +0 chain mail
rPois   inf          k - +0 helmet
rElec   +            (no cloak)
rCorr   .            (no gloves)
SInv    .            (no boots)
Will    .....        (no amulet) Stlth
                     m - ring of protection from fire
HPRegen 0.30/turn    f - ring of protection from cold
MPRegen 0.12/turn

%: no passive effects
@: about to teleport
A: sickness immunity, AC +7, negative energy resistance 1, electricity
resistance, torment resistance 1, petrification resistance
a: no special abilities


You were on level 9 of the Dungeon.
You visited 2 branches of the dungeon, and saw 10 of its levels.

You collected 366 gold pieces.
You spent 78 gold pieces at shops.


Innate Abilities, Weirdness & Mutations

You are immune to sickness and miasma.
Your stone body is resilient. (AC +7)
You are immune to poison.
You resist negative energy. (rN+)
You are resistant to electric shocks. (rElec)
You are resistant to unholy torment.
You are immune to petrification.


   Skills:
 - Level 6.1 Fighting
 + Level 8.9 Axes
 - Level 1.2 Throwing
 - Level 3.2 Armour
 - Level 1.4 Dodging
 - Level 11.1 Shields


You had 9 spell levels left.
You didn't know any spells.
Your spell library was empty.

Inventory:

Hand Weapons
 b - the +4 consecrated labrys {holy, Valiant Fragile Fly SInv}
   (You acquired it on level 7 of the Dungeon)

   Valiant:   It becomes more powerful as more dangerous foes come into view.
   SInv:      It lets you see invisible.
   Fly:       It grants you flight.
   Fragile:   It will be destroyed if unequipped.
 o - a +0 flail
 Y - a +1 broad axe (weapon)
Missiles
 s - a boomerang (quivered)
Armour
 c - a +0 cloak
 g - the +1 leather armour of Life {rF+ Str+4 Dex+4}
   (You found it on level 2 of the Dungeon)

   Str:       It affects your strength (+4).
   Dex:       It affects your dexterity (+4).
   rF:        It protects you from fire.
 k - a +0 helmet (worn)
 q - a +0 chain mail (worn)
 u - a +0 tower shield (worn)
Jewellery
 f - a ring of protection from cold (right hand)
 j - a ring of protection from fire
 m - a ring of protection from fire (left hand)
 n - a ring of resist corrosion
 t - a +6 ring of dexterity
Scrolls
 h - 6 scrolls of identify
 v - 3 scrolls of teleportation
Potions
 a - 2 potions of haste
 d - 3 potions of might
 e - 6 potions of curing
 i - 2 potions of attraction
 p - 3 potions of cancellation
 r - 2 potions of lignification

Dungeon Overview and Level Annotations

Branches:
Dungeon (9/15)             Temple (1/1) D:4            Lair (0/5) D:9
    Orc: D:9-12

Altars:
Dithmenos
Elyvilon
Fedhas
Gozag
Hepliaklqana
Kikubaaqudgha
Makhleb
Nemelex Xobeh
Ru
Sif Muna
Trog
Uskayaw
Wu Jian
Xom
Yredelemnul
Zin

Shops:
D:3 *

Portals:
Bailey: D:7

Annotations:
D:4 2 transporters
D:6 1 runed translucent door, Crazy Yiuf


Message History

The centaur warrior hits you but does no damage.
The centaur warrior kicks you but does no damage.
You block the orc warrior's attack. You block the centaur warrior's attack.
The centaur warrior kicks you but does no damage.
The orc wizard hits you but does no damage.
You block the two-headed ogre's attack.
The two-headed ogre hits you with a +0 giant club!
The orc warrior barely misses you.
The rakshasa hits you from afar with a +0 trident!
A rakshasa comes into view. It is wielding a +0 whip.
7024 ||| READING 4 scrolls of teleportation.
As you read the scroll of teleportation, it crumbles to dust.
You feel strangely unstable. You block the centaur warrior's attack.
The centaur warrior kicks you. You block the orc wizard's attack.
The orc warrior hits you from afar with a +0 trident.
The rakshasa gestures at you. The lance of force misses you.
The centaur warrior hits you but does no damage.
The centaur warrior kicks you but does no damage.
7025 ||| DRINKING potion of heal wounds.
You feel much better.
The two-headed ogre hits you with a +0 giant club!!
The two-headed ogre barely misses you. The centaur warrior hits you.
The centaur warrior kicks you but does no damage.
The orc wizard hits you but does no damage.
The rakshasa weaves an illusion.
The two-headed ogre shimmers and seems to become two!
You block the orc warrior's attack.
The rakshasa weaves an illusion.
The orc shimmers and seems to become two!
You barely miss the centaur warrior.
The centaur warrior is heavily wounded.
You slash the orc wizard!
You kill the orc wizard!
You hit the two-headed ogre.
The centaur warrior hits you but does no damage.
The centaur warrior kicks you but does no damage.
The two-headed ogre hits you with a +0 giant club!!
You die...

####. ...R ##..o
#...e ....#
##'''######...#
+.OoR.'...#...#
+.POc)'._.#...#
+.R.@)')..#...#
##'')######...#####
#.........#..##...#
#.#####...##.##...#
#.#...............#
# #........~....~.#
......~.~....~~..#
......~.~~~~~~...###
.#.~~~~~.~~~~~......


You could see 2 rakshasas, a centaur warrior, 2 two-headed ogres, a deep elf
pyromancer, an efreet, an orc warrior and an orc.

Vanquished Creatures
  Maurice (D:9)
  Maggie (D:8)
  A troll (D:9)
  Grinder (D:5)
  A wyvern (D:8)
  3 yaks (D:8)
  A steam dragon (D:6)
  A water moccasin (D:7)
  2 ice beasts
  A black bear (D:6)
  3 wolves (D:9)
  A centaur (D:6)
  An ogre (D:7)
  A kobold brigand (D:8)
  3 bullfrogs
  3 scorpions
  2 electric eels (D:9)
  3 howler monkeys (D:8)
  A gnoll bouda (D:7)
  7 hounds
  Ijyb (D:3)
  2 jellies
  3 sleepcaps
  3 orc priests
  4 iguanas
  7 orc wizards
  4 adders
  8 gnolls
  A shadow imp (D:7)
  A white imp (D:7)
  An ufetubus (D:6)
  A worm (D:4)
  A dart slug (D:2)
  22 orcs
  3 bats
  6 endoplasms
  6 giant cockroaches
  8 hobgoblins
  3 quokkas
  6 ball pythons
  5 frilled lizards
  6 goblins
  17 kobolds
  6 rats
163 creatures vanquished.

Notes
Turn   | Place    | Note
-------+----------+-------------------------------------------
     0 | D:1      | qw the Gargoyle Fighter began the quest for the Orb.
     0 | D:1      | Reached XP level 1. HP: 14/14 MP: 1/1
     0 | D:1      | 0 ||| qw: Version: 0.2-a-102-gdf20003
     0 | D:1      | 0 ||| qw: Game counter: 710
     0 | D:1      | 0 ||| qw: Always use a shield: true
     0 | D:1      | 0 ||| qw: God list: Okawaru
     0 | D:1      | 0 ||| qw: Allow faded altars: false
     0 | D:1      | 0 ||| qw: Do Orc after D:15 true
     0 | D:1      | 0 ||| qw: Do second Lair branch before Depths: true
     0 | D:1      | 0 ||| qw: Lair rune preference: random
     0 | D:1      | 0 ||| qw: Plans: Normal, Zot:1-4, Slime:5, God:TSO, Crypt,
                  | Tomb, Pan, Hells, Abyss, Win
     0 | D:1      | 0 ||| PLANNING D:1-11
   102 | D:1      | Reached XP level 2. HP: 11/19 MP: 2/2
   139 | D:1      | 139 ||| DROPPING +0 club.
   165 | D:1      | 165 ||| Stepping ~*~*~tactically~*~*~ (stealth).
   373 | D:1      | Reached skill level 3 in Axes
   557 | D:1      | Reached XP level 3. HP: 23/23 MP: 3/3
   747 | D:1      | 747 ||| READING scroll labelled SEYHUL INUSOREY.
   751 | D:1      | 751 ||| READING 4 scrolls labelled CEBIUN WABLUED.
   752 | D:1      | 752 ||| READING scroll labelled WOPIET MAS AZI.
   853 | D:1      | 853 ||| DRINKING 2 smoky black potions.
   854 | D:1      | 854 ||| DRINKING 2 sedimented emerald potions.
   855 | D:1      | 855 ||| READING 3 scrolls of identify.
   855 | D:1      | 855 ||| IDENTIFYING lumpy inky potion
   856 | D:1      | 856 ||| DROPPING potion of flight.
   987 | D:2      | Identified the +1 leather armour of Life {rF+ Str+4 Dex+4}
  1018 | D:2      | 1018 ||| Stepping ~*~*~tactically~*~*~ (stealth).
  1028 | D:2      | 1028 ||| Stepping ~*~*~tactically~*~*~ (stealth).
  1233 | D:2      | 1233 ||| Stepping ~*~*~tactically~*~*~ (hiding).
  1235 | D:2      | 1235 ||| Stepping ~*~*~tactically~*~*~ (hiding).
  1236 | D:2      | 1236 ||| Stepping ~*~*~tactically~*~*~ (hiding).
  1476 | D:2      | Found a faded altar of an unknown god.
  1502 | D:2      | 1502 ||| Stepping ~*~*~tactically~*~*~ (stealth).
  1643 | D:2      | 1643 ||| UPGRADING to +1 leather armour of Life {rF+ Str+4
                  | Dex+4}.
  1653 | D:2      | 1653 ||| UPGRADING to +0 helmet.
  1658 | D:2      | 1658 ||| UPGRADING to ring of protection from fire.
  1659 | D:2      | 1659 ||| READING scroll labelled VYOTEH VUIMEH.
  1660 | D:2      | 1660 ||| DRINKING 2 fizzy dark potions.
  1661 | D:2      | 1661 ||| READING 2 scrolls of identify.
  1661 | D:2      | 1661 ||| IDENTIFYING dark potion
  1920 | D:3      | 1920 ||| Stepping ~*~*~tactically~*~*~ (stealth).
  1923 | D:3      | 1923 ||| Stepping ~*~*~tactically~*~*~ (stealth).
  1970 | D:3      | 1970 ||| Stepping ~*~*~tactically~*~*~ (stealth).
  2016 | D:3      | 2016 ||| Stepping ~*~*~tactically~*~*~ (stealth).
  2018 | D:3      | 2018 ||| Stepping ~*~*~tactically~*~*~ (stealth).
  2037 | D:3      | Noticed Ijyb
  2061 | D:3      | Killed Ijyb
  2062 | D:3      | Reached skill level 1 in Dodging
  2062 | D:3      | Reached XP level 4. HP: 12/28 MP: 4/4
  2161 | D:3      | Found Ebliojep's General Store.
  2175 | D:3      | 2175 ||| SHOPLISTING +5 mace of draining (421 gold, have
                  | 83).
  2175 | D:3      | 2175 ||| BUYING potion of curing (39 gold).
  2175 | D:3      | Bought a potion of curing for 39 gold pieces
  2175 | D:3      | 2175 ||| BUYING potion of curing (39 gold).
  2175 | D:3      | Bought a potion of curing for 39 gold pieces
  2175 | D:3      | 2175 ||| SHOPLISTING scroll of acquirement (676 gold, have
                  | 5).
  2175 | D:3      | 2175 ||| SHOPLISTING scroll of teleportation (39 gold, have
                  | 5).
  2516 | D:3      | 2516 ||| DROPPING +0 scale mail.
  2517 | D:3      | 2517 ||| UPGRADING to +0 chain mail.
  2527 | D:3      | 2527 ||| READING scroll labelled FAZEAZUYTTY.
  2528 | D:3      | 2528 ||| READING scroll labelled GEDEOF GUVAANU.
  2529 | D:3      | 2529 ||| READING scroll labelled FYTUFODGH SUBER.
  2530 | D:3      | 2530 ||| DRINKING 2 orange potions.
  2563 | D:4      | Found a sacrificial altar of Ru.
  2584 | D:4      | 2584 ||| Stepping ~*~*~tactically~*~*~ (stealth).
  2593 | D:4      | Reached XP level 5. HP: 32/32 MP: 5/5
  2963 | D:4      | 2963 ||| Stepping ~*~*~tactically~*~*~ (stealth).
  3039 | D:4      | 3039 ||| DROPPING +0 whip.
  3174 | D:4      | Found a transporter.
  3185 | D:4      | Found a shadowy altar of Dithmenos.
  3198 | D:4      | Found a transporter.
  3278 | D:4      | 3278 ||| DRINKING 7 potions of curing.
  3278 | D:4      | 3278 ||| (to cure confusion)
  3286 | D:4      | 3286 ||| DRINKING 6 potions of curing.
  3286 | D:4      | 3286 ||| (to cure confusion)
  3289 | D:4      | Reached XP level 6. HP: 37/37 MP: 6/6
  3488 | D:4      | Found a staircase to the Ecumenical Temple.
  3489 | D:4      | 3489 ||| PLANNING TEMPLE
  3489 | D:4      | 3489 ||| UPGRADING to ring of resist corrosion.
  3490 | D:4      | 3490 ||| UPGRADING to ring of protection from cold.
  3492 | D:4      | 3492 ||| READING scroll labelled SOBETR PEROCI.
  3501 | Temple   | Entered the Ecumenical Temple
  3554 | Temple   | 3554 ||| PLANNING D:1-11
  3669 | D:4      | 3669 ||| READING scroll labelled MAYPNO CARGHEPP.
  3716 | D:5      | Entered Level 5 of the Dungeon
  3797 | D:5      | 3797 ||| SWAPPING to +4 war axe.
  3798 | D:5      | 3798 ||| DROPPING +0 war axe.
  3840 | D:5      | Noticed Grinder
  3843 | D:5      | 3843 ||| Stepping ~*~*~tactically~*~*~ (hiding).
  3853 | D:5      | Killed Grinder
  3854 | D:5      | Reached skill level 6 in Axes
  3854 | D:5      | Reached XP level 7. HP: 38/44 MP: 7/7
  4103 | D:5      | 4103 ||| UPGRADING to +0 tower shield.
  4113 | D:5      | 4113 ||| DROPPING +0 buckler.
  4114 | D:5      | 4114 ||| READING scroll labelled ITYNTE DELO.
  4115 | D:5      | 4115 ||| READING 4 scrolls of identify.
  4115 | D:5      | 4115 ||| IDENTIFYING glowing yellow potion
  4116 | D:5      | 4116 ||| READING 3 scrolls of identify.
  4116 | D:5      | 4116 ||| IDENTIFYING ruby potion
  4117 | D:5      | 4117 ||| DROPPING potion of degeneration.
  4140 | D:6      | Reached skill level 4 in Shields
  4146 | D:6      | Reached skill level 5 in Shields
  4147 | D:6      | Reached XP level 8. HP: 25/48 MP: 8/8
  4147 | D:6      | 4147 ||| FLEEEEING.
  4149 | D:6      | 4149 ||| FLEEEEING.
  4150 | D:6      | 4150 ||| STAIRDANCE
  4236 | D:6      | 4236 ||| STAIRDANCE
  4240 | D:5      | Reached skill level 6 in Shields
  4323 | D:6      | 4323 ||| Stepping ~*~*~tactically~*~*~ (hiding).
  4359 | D:6      | 4359 ||| FLEEEEING.
  4360 | D:6      | 4360 ||| FLEEEEING.
  4361 | D:6      | 4361 ||| FLEEEEING.
  4362 | D:6      | 4362 ||| FLEEEEING.
  4363 | D:6      | 4363 ||| FLEEEEING.
  4364 | D:6      | 4364 ||| FLEEEEING.
  4365 | D:6      | 4365 ||| FLEEEEING.
  4369 | D:6      | 4369 ||| FLEEEEING.
  4370 | D:6      | 4370 ||| FLEEEEING.
  4371 | D:6      | 4371 ||| FLEEEEING.
  4372 | D:6      | 4372 ||| FLEEEEING.
  4373 | D:6      | 4373 ||| FLEEEEING.
  4374 | D:6      | 4374 ||| FLEEEEING.
  4377 | D:6      | 4377 ||| FLEEEEING.
  4378 | D:6      | 4378 ||| FLEEEEING.
  4379 | D:6      | 4379 ||| FLEEEEING.
  4676 | D:6      | Reached skill level 7 in Shields
  4774 | D:6      | 4774 ||| DRINKING 8 potions of curing.
  4774 | D:6      | 4774 ||| (to cure confusion)
  4784 | D:6      | Reached skill level 8 in Shields
  5083 | D:6      | Found a runed translucent door.
  5084 | D:6      | Noticed Crazy Yiuf
  5140 | D:7      | Found a flagged portal.
  5147 | D:7      | Reached skill level 9 in Shields
  5149 | D:7      | 5149 ||| Stepping ~*~*~tactically~*~*~ (stealth).
  5151 | D:7      | 5151 ||| Stepping ~*~*~tactically~*~*~ (stealth).
  5162 | D:7      | Reached XP level 9. HP: 50/52 MP: 9/9
  5175 | D:7      | Found a hazy altar of Hepliaklqana.
  5185 | D:7      | 5185 ||| Stepping ~*~*~tactically~*~*~ (hiding).
  5298 | D:7      | 5298 ||| Stepping ~*~*~tactically~*~*~ (stealth).
  5300 | D:7      | 5300 ||| Stepping ~*~*~tactically~*~*~ (hiding).
  5480 | D:7      | 5480 ||| Stepping ~*~*~tactically~*~*~ (hiding).
  5495 | D:7      | Reached skill level 10 in Shields
  5657 | D:7      | 5657 ||| READING scroll labelled XIYXAN LA PYNI.
  5658 | D:7      | 5658 ||| READING scroll labelled ITOSSA SIXKOWI.
  5658 | D:7      | Identified a scroll of acquirement
  5658 | D:7      | 5658 ||| ACQUIRING +4 consecrated labrys {holy, Valiant
                  | Fragile Fly SInv}
  5658 | D:7      | Acquired the +4 consecrated labrys {holy, Valiant Fragile
                  | Fly SInv}
  5658 | D:7      | Found the +4 consecrated labrys {holy, Valiant Fragile Fly
                  | SInv}
  5660 | D:7      | 5660 ||| DRINKING 2 white potions.
  5661 | D:7      | 5661 ||| DROPPING potion of brilliance.
  5750 | D:8      | 5750 ||| Stepping ~*~*~tactically~*~*~ (stealth).
  6016 | D:8      | 6016 ||| Stepping ~*~*~tactically~*~*~ (stealth).
  6018 | D:8      | 6018 ||| Stepping ~*~*~tactically~*~*~ (stealth).
  6058 | D:8      | Reached skill level 1 in Throwing
  6243 | D:8      | Noticed Maggie
  6245 | D:8      | 6245 ||| Stepping ~*~*~tactically~*~*~ (hiding).
  6261 | D:8      | Killed Maggie
  6434 | D:8      | 6434 ||| SWAPPING to +0 broad axe.
  6435 | D:8      | 6435 ||| DROPPING +4 war axe.
  6436 | D:8      | 6436 ||| READING 7 scrolls of identify.
  6436 | D:8      | 6436 ||| IDENTIFYING lumpy red potion
  6437 | D:8      | 6437 ||| DROPPING potion of ambrosia.
  6478 | D:9      | Found a staircase to the Lair.
  6478 | D:9      | Noticed a troll
  6484 | D:9      | Killed a troll
  6485 | D:9      | Reached XP level 10. HP: 33/59 MP: 10/10
  6490 | D:9      | Reached skill level 11 in Shields
  6498 | D:9      | Reached skill level 6 in Fighting
  6499 | D:9      | Noticed Maurice
  6501 | D:9      | HP: 15/60 [wolf (6)]
  6502 | D:9      | 6502 ||| READING 6 scrolls of teleportation.
  6502 | D:9      | HP: 3/60 [something/bolt of dispelling energy (9)]
  6503 | D:9      | 6503 ||| READING 5 scrolls of teleportation.
  6504 | D:9      | 6504 ||| DRINKING 3 potions of heal wounds.
  6507 | D:9      | 6507 ||| READING 4 scrolls of teleportation.
  6508 | D:9      | 6508 ||| DRINKING 2 potions of heal wounds.
  6623 | D:9      | 6623 ||| FLEEEEING.
  6640 | D:9      | 6640 ||| FLEEEEING.
  6677 | D:9      | HP: 15/60 [something (6)]
  6682 | D:9      | Killed Maurice
  6738 | D:9      | 6738 ||| FLEEEEING.
  6739 | D:9      | 6739 ||| FLEEEEING.
  6740 | D:9      | 6740 ||| FLEEEEING.
  6741 | D:9      | 6741 ||| FLEEEEING.
  6742 | D:9      | 6742 ||| FLEEEEING.
  6749 | D:9      | 6749 ||| STAIRDANCE
  6852 | D:8      | 6852 ||| DROPPING ring of wizardry.
  6853 | D:8      | 6853 ||| READING scroll labelled ZOLAXI UHYIPH.
  6871 | D:9      | 6871 ||| Stepping ~*~*~tactically~*~*~ (hiding).
  7013 | D:9      | Found a basalt altar of Yredelemnul.
  7013 | D:9      | Noticed a two-headed ogre
  7014 | D:9      | Noticed a rakshasa
  7015 | D:9      | Noticed a centaur warrior
  7019 | D:9      | Noticed a deep elf pyromancer
  7023 | D:9      | HP: 7/60 [rakshasa/+0 trident (15)]
  7024 | D:9      | Noticed a rakshasa
  7024 | D:9      | 7024 ||| READING 4 scrolls of teleportation.
  7024 | D:9      | HP: 3/60 [orc warrior/+0 trident (2)]
  7025 | D:9      | 7025 ||| DRINKING potion of heal wounds.
  7026 | D:9      | Demolished by a two-headed ogre

Levels and vault maps discovered:
D:1:      psy_arrival_terrarium, layout_basic
D:2:      layout_loops_ring, hellmonk_ecumenical_altar_slurped_away
D:3:      layout_basic, serial_shops, shop, uniq_ijyb
D:4:      gammafunk_wand_slinger, layout_loops_corners,
          nicolae_ru_great_annihilating_truth, mainiacjoe_overflow_boulevard,
          temple_hall, minmay_fractal_squares_gapless_5
D:5:      nicolae_BIG_FREAKIN_CUBE, layout_rooms, uniq_grinder
D:6:      layout_basic, serial_glass, glass_columns_a, glass_columns_c,
          glass_columns_a, glass_columns_b, uniq_crazy_yiuf_cottage
D:7:      layout_rooms, overflow_temple_1_default, enter_bailey_2
D:8:      layout_cave_pools, uniq_maggie
D:9:      layout_small_grid, mainiacjoe_overflow_big_doors, tso_oasis_becter,
          nicolae_ashenzari_panopticon, lemuel_crystal_altar, erik_lair_island,
          minivault_28, uniq_maurice
Temple:   nicolae_temple_x_marks_the_god

Skill      XL: |  1  2  3  4  5  6  7  8  9 10 |
---------------+-------------------------------+-----
Axes           | 2 3 4 5 6 8 |  8.9
Dodging        | 1 |  1.4
Fighting       | 4 5 6 |  6.1
Shields        | 5 9 10 11 | 11.1
Throwing       | 1 |  1.2
Armour         | |  3.2

Action                     |  1- 3 |  4- 6 |  7- 9 | 10-12 || total
---------------------------+-------+-------+-------+-------++-------
  Melee: War axe           |   180 |   113 |   221 |       ||   514
         Broad axe         |       |       |     4 |    82 ||    86
  Throw: Boomerang         |       |       |     3 |    24 ||    27
    Use: Scroll            |     6 |     5 |     6 |     5 ||    22
         Potion            |     3 |     3 |     2 |     3 ||    11
   Stab: Paralysed         |       |     2 |       |       ||     2
 Armour: Scale mail        |    81 |       |       |       ||    81
         Leather armour    |    15 |     4 |       |       ||    19
         Chain mail        |       |    58 |   127 |    84 ||   269
  Dodge: Dodged            |    77 |    38 |    51 |    32 ||   198
  Block: Buckler           |    26 |    12 |     1 |       ||    39
         Tower shield      |       |       |   188 |    77 ||   265

Table legend:
 A = Non-vault XP
 B = Vault XP
 C = Vault XP percentage of total XP
 D = Non-vault monster count
 E = Vault monster count
 F = Vault count percentage of total count
                 A         B        C        D         E       F
            +---------+---------+-------+---------+---------+-------
      Total |    3880 |    2090 |  35.0 |     144 |      19 |  11.7
            +---------+---------+-------+---------+---------+-------
        D:1 |      40 |       0 |   0.0 |      25 |       0 |   0.0
        D:2 |      31 |       2 |   6.1 |      19 |       1 |   5.0
        D:3 |      12 |      40 |  76.9 |       8 |       1 |  11.1
        D:4 |     182 |      57 |  23.8 |      13 |       6 |  31.6
        D:5 |     332 |     286 |  46.3 |       6 |       1 |  14.3
        D:6 |    1126 |       0 |   0.0 |      25 |       0 |   0.0
        D:7 |     667 |       0 |   0.0 |      14 |       0 |   0.0
        D:8 |    1251 |     385 |  23.5 |      22 |       1 |   4.3
        D:9 |     239 |    1320 |  84.7 |      12 |       9 |  42.9
            +---------+---------+-------+---------+---------+-------
